[Event "FISCA Open 2022"]
[Site "Cap Aurora"]
[Date "2022.06.25"]
[Round "5.10"]
[White "Ribarov, Valerij"]
[Black "Nacu, Mihai"]
[Result "1/2-1/2"]
[ECO "B11"]
[WhiteElo "1918"]
[BlackElo "1641"]
[Annotator "NA RC"]
[PlyCount "43"]
[EventDate "2022.06.22"]
[EventType "swiss"]
[EventCountry "ROU"]
[SourceTitle "playchess.com"]
[Source "ChessBase"]
[SourceQuality "1"]
[TimeControl "5400+30"]

1. e4 c6 2. Nc3 d5 3. Nf3 Bg4 4. h3 Bxf3 5. Qxf3 e6 6. d4 Nf6 7. Bg5 Be7 8. exd5 Nxd5 9. Bxe7 Qxe7 10. Nxd5 exd5+ 11. Qe2 Qxe2+ 12. Bxe2 Nd7 13. Bd3 O-O-O 14. Kd2 Kc7 15. Rhe1 Rhe8 16. Rxe8 Rxe8 17. Re1 Rxe1 18. Kxe1 h6 19. Kd2 Kd6 20. Ke3 Nf8 21. f4 b6 22. c3 1/2-1/2

[Event "FISCA Open 2022"]
[Site "Cap Aurora"]
[Date "2022.06.25"]
[Round "5.11"]
[White "Roncea, Andreea-Alexandra"]
[Black "Stegaroiu, Marcel-Florian"]
[Result "0-1"]
[ECO "B30"]
[WhiteElo "1463"]
[BlackElo "1917"]
[Annotator "NA COMBH RC"]
[PlyCount "100"]
[EventDate "2022.06.22"]
[EventType "swiss"]
[EventCountry "ROU"]
[SourceTitle "playchess.com"]
[Source "ChessBase"]
[SourceQuality "1"]
[TimeControl "5400+30"]

1. e4 c5 2. Nf3 Nc6 3. Bb5 a6 4. Bxc6 dxc6 5. O-O g6 6. d3 Bg7 7. Nbd2 Nf6 8. Re1 O-O 9. h3 h6 10. Nb3 c4 11. Nbd4 cxd3 12. Qxd3 c5 13. Nb3 Qxd3 14. cxd3 b6 15. a4 Be6 16. Ra3 Rfd8 17. Nbd2 Nd7 18. Re2 b5 19. axb5 axb5 20. Nf1 Rxa3 21. bxa3 Ra8 22. Bb2 Bxb2 23. Rxb2 Rxa3 24. d4 Bc4 25. N1d2 Bd3 26. dxc5 Nxc5 27. Nd4 Ra8 28. Nc6 Nxe4 29. Nxe4 Bxe4 30. Nxe7+ Kf8 31. Rb4 Ra4 32. Nxg6+ fxg6 33. Rxb5 Bf5 34. Rb3 Kg7 35. Rb6 h5 36. Rc6 h4 37. Rb6 Ra1+ 38. Kh2 Rb1 39. Ra6 Kh6 40. Ra8 Rf1 41. Ra2 Kg5 42. Rb2 Rc1 43. Ra2 Rc2 44. Ra4 Rxf2 45. Kg1 Rb2 46. Kh2 Bd3 47. Rg4+ Kh5 48. Rf4 g5 49. Rf8 Be4 50. Kh1 {[%emt 0:00:39] Check Result:-#12} Bxg2+ 0-1

[Event "FISCA Open 2022"]
[Site "Cap Aurora"]
[Date "2022.06.25"]
[Round "5.12"]
[White "Corbu, George-Alexandru"]
[Black "Rata, Anamaria"]
[Result "0-1"]
[ECO "D30"]
[WhiteElo "1914"]
[BlackElo "1656"]
[Annotator "NA RC"]
[PlyCount "134"]
[EventDate "2022.06.22"]
[EventType "swiss"]
[EventCountry "ROU"]
[SourceTitle "playchess.com"]
[Source "ChessBase"]
[SourceQuality "1"]
[TimeControl "5400+30"]

1. d4 d5 2. c4 c6 3. Nf3 Nf6 4. e3 e6 5. b3 Nbd7 6. Bb2 b6 7. Nbd2 Bb7 8. Bd3 Be7 9. O-O O-O 10. Ne5 dxc4 11. Bxc4 c5 12. f4 cxd4 13. exd4 Nd5 14. Qe2 N7f6 15. g4 Nb4 16. Ndf3 Nfd5 17. Ne1 Nc6 18. N1d3 Bf6 19. Rad1 Qd6 20. Qf2 Rac8 21. g5 Be7 22. Ng4 a6 23. Nde5 Nxe5 24. fxe5 Qd8 25. h4 Bxg5 26. hxg5 Qxg5 27. Qg2 Ne3 28. Nxe3 Bxg2 29. Nxg2 b5 30. Bd3 h5 31. Rf4 f6 32. Rdf1 fxe5 33. Bh7+ Kxh7 34. Rxf8 Rxf8 35. Rxf8 h4 36. Rf3 Qg4 37. Kf2 e4 38. Re3 h3 39. Rg3 Qf5+ 40. Kg1 hxg2 41. Rxg2 e3 42. Bc3 Qf3 43. Be1 Qd1 44. Kf1 Qxd4 45. Ke2 Qb2+ 46. Kf3 Qc1 47. Re2 Qc6+ 48. Kxe3 Qc1+ 49. Kf3 Qc6+ 50. Ke3 Kg6 51. Bg3 Qc3+ 52. Kf2 Kf5 53. Re3 Qd2+ 54. Re2 Qd4+ 55. Kg2 Kg4 56. Be5 Qd3 57. Kf2 Qf5+ 58. Kg1 g5 59. Bb8 Kh5 60. Be5 g4 61. Bg3 Qc5+ 62. Kh2 Qc6 63. Rf2 Kg5 64. Re2 Kg6 65. Rf2 Qd5 66. Re2 Qf5 67. Rf2 Qd3 0-1

[Event "FISCA Open 2022"]
[Site "Cap Aurora"]
[Date "2022.06.25"]
[Round "5.13"]
[White "Stancu, Ovidiu-Grigore"]
[Black "Iordache, Alexia-Andreea"]
[Result "0-1"]
[ECO "B50"]
[WhiteElo "1867"]
[BlackElo "1658"]
[Annotator "NA RC"]
[PlyCount "67"]
[EventDate "2022.06.22"]
[EventType "swiss"]
[EventCountry "ROU"]
[SourceTitle "playchess.com"]
[Source "ChessBase"]
[SourceQuality "1"]
[TimeControl "5400+30"]

1. e4 c5 2. Nf3 d6 3. c3 Nf6 4. Bc4 e6 5. Qe2 Nc6 6. d4 cxd4 7. cxd4 Be7 8. d5 Nb8 9. Bb5+ Bd7 10. dxe6 fxe6 11. Nc3 O-O 12. e5 Ng4 13. exd6 Bxd6 14. h3 Nf6 15. O-O a6 16. Bc4 Re8 17. Nd4 Nc6 18. Nxc6 bxc6 19. Bg5 Qc7 20. Bxf6 gxf6 21. Ne4 Be5 22. Qf3 Qd8 23. Rad1 Qe7 24. Rd2 Ra7 25. Qe3 Bc8 26. f4 Bb8 27. f5 Kh8 28. Qh6 exf5 29. Nxf6 Rf8 30. Nxh7 Qc5+ 31. Kh1 Rxh7 32. Qg5 Qxc4 33. Rdf2 Qg8 34. Qh6 0-1

[Event "FISCA Open 2022"]
[Site "Cap Aurora"]
[Date "2022.06.26"]
[Round "6.1"]
[White "Coca, Cristi-Iulian"]
[Black "Ardeleanu, Alin"]
[Result "1-0"]
[ECO "C90"]
[WhiteElo "2174"]
[BlackElo "2290"]
[Annotator "TA"]
[PlyCount "105"]
[EventDate "2022.06.22"]
[EventType "swiss"]
[EventCountry "ROU"]
[SourceTitle "playchess.com"]
[Source "ChessBase"]
[SourceQuality "1"]
[TimeControl "5400+30"]

1. e4 c5 2. Nf3 d6 3. c3 Nf6 4. Bd3 e5 5. Bc2 Nc6 6. O-O Be7 7. Re1 h6 8. d3 a6 9. Nbd2 b5 10. Nf1 O-O 11. Ng3 {[%emt 0:01:35] C90: Closed Ruy Lopez with 7...d6: Early deviations.} Re8 {[%emt 0:01:49] [#]} 12. h3 $146 ({Predecessor:} 12. Qe2 Bf8 13. Nh4 Ne7 14. Bb3 g6 15. Qf3 Nc6 16. Nxg6 Be6 17. Bxe6 Rxe6 18. Nxf8 Kxf8 19. Bxh6+ {1-0 (62) Mukhopadhyay,S (1336)-Waweru,B Al Ain 2013}) 12... Qc7 13. d4 {[%emt 0:14:19] The position is equal.} cxd4 14. cxd4 Nxd4 15. Nxd4 exd4 16. Bb3 d5 (16... Qb6 $11) 17. e5 $1 $16 Bb4 18. Re2 Ne4 (18... Rxe5 $2 19. Bf4 Rxe2 20. Bxc7 Re1+ 21. Qxe1 Bxe1 22. Rxe1 $18) 19. Nxe4 dxe4 20. Qxd4 Bf8 21. Qxe4 Be6 (21... Rb8 $16 22. Rc2 Qb7) 22. Bxe6 $18 fxe6 23. Rc2 Qd7 24. Be3 Rac8 25. Rd2 {[%emt 0:04:07] Prevents Qd5.} Qc7 26. Rad1 {[%emt 0:00:43] White is much more active.} Rcd8 (26... Qf7 {keeps fighting.} 27. Rd7 Qf5) 27. Rxd8 Rxd8 28. Rxd8 Qxd8 {[%emt 0:00:01][%mdl 4096] Endgame [#] KQB-KQB} 29. Qc6 $1 Qd1+ 30. Kh2 Kf7 31. Qb7+ Kg6 32. Qc6 Kf7 {[%emt 0:00:37] Prevents Qe8+.} 33. Qxa6 Qd5 {[%emt 0:00:06] [#]} 34. Qa7+ $1 Be7 35. Qc7 b4 (35... Ke8 {was worth a try.} 36. a3 Qb3) 36. a4 {[%emt 0:03:49][%cal Ba2a4,Ba4a5][%mdl 32] a5 is the strong threat.} Kf8 $2 (36... bxa3 37. bxa3 Qb5) 37. a5 Qa2 38. Bc5 Bxc5 39. Qxc5+ {[%emt 0:00:02] KQ-KQ} Kf7 40. Qxb4 Qd5 41. Qc3 {[%emt 0:01:36] Threatening mate with Qf3+.} Qb5 42. b4 {[%emt 0:00:25] Qc5 would kill now.} Qf1 43. Qc5 Qa1 44. Qe3 (44. Qd6 $142 Qa2 45. Qc6 Kg8 46. Qb6 Qc4 47. a6 Kh7 48. a7 Qf4+ 49. g3) 44... Qa4 45. Qe4 (45. Qb6 $142 Qa1 46. a6 Qxe5+ 47. g3 Qf6 48. a7 Qf3 49. Qe3 Qb7 50. Qf4+ Ke7 51. Qb8) 45... Qb5 46. Qd4 {[%emt 0:00:41] And now Qc5 would win.} h5 47. Qc5 Qa4 48. Qc4 {[%emt 0:00:44] White mates.} Qa1 49. a6 Qxe5+ 50. g3 Qa1 51. Qc7+ Kf6 52. a7 Qa2 53. Qd8+ {[%emt 0:00:19] Weighted Error Value: White=0.13 (very precise) /Black=0.81} 1-0

[Event "FISCA Open 2022"]
[Site "Cap Aurora"]
[Date "2022.06.26"]
[Round "6.2"]
[White "Prisacaru, Stefan-Emilian"]
[Black "Gilea, Lucian"]
[Result "1/2-1/2"]
[ECO "A53"]
[WhiteElo "1937"]
[BlackElo "2277"]
[Annotator "TA"]
[PlyCount "24"]
[EventDate "2022.06.22"]
[EventType "swiss"]
[EventCountry "ROU"]
[SourceTitle "playchess.com"]
[Source "ChessBase"]
[SourceQuality "1"]
[TimeControl "5400+30"]

1. d4 {[%emt 0:00:01] Doe,John} Nf6 2. c4 d6 3. Nc3 c6 4. Nf3 Bf5 5. g3 Nbd7 6. Bg2 h6 7. O-O e5 8. Re1 $1 {[%emt 0:01:10][%mdl 4] is currently scoring better than 8.d5. A53: Old Indian Defence without Nf3.} Be7 9. e4 {[%emt 0:01:17] White is slightly better.} Bg4 10. Be3 {[%emt 0:05:07] [#]} O-O $146 ({Predecessor:} 10... Qa5 11. Qd2 Bxf3 12. Bxf3 exd4 13. Bxd4 Ne5 14. Be2 g5 15. b4 Qc7 16. Kh1 g4 {1-0 (26) Giammona,F (1713)-Walter Travella,G (1940) Barcelona 2019 EXT 2020 [Doe,John]}) 11. h3 Bh5 12. Qc2 Bxf3 {[%emt 0:03:24] White took control after the opening.  Weighted Error Value: White=0.12 (very precise) /Black=0.11 (very precise)} 1/2-1/2

[Event "FISCA Open 2022"]
[Site "Cap Aurora"]
[Date "2022.06.26"]
[Round "6.3"]
[White "Daianu, Cristian-Clement"]
[Black "Mintau, Andrei-Catalin"]
[Result "1/2-1/2"]
[ECO "B38"]
[WhiteElo "2149"]
[BlackElo "2130"]
[Annotator "NA RC"]
[PlyCount "80"]
[EventDate "2022.06.22"]
[EventType "swiss"]
[EventCountry "ROU"]
[SourceTitle "playchess.com"]
[Source "ChessBase"]
[SourceQuality "1"]
[TimeControl "5400+30"]

1. e4 c5 2. Nf3 g6 3. d4 cxd4 4. Nxd4 Bg7 5. c4 Nc6 6. Be3 Nf6 7. Nc3 O-O 8. Be2 d6 9. O-O Bd7 10. h3 Nxd4 11. Bxd4 Bc6 12. Qc2 a5 13. b3 Nd7 14. Bxg7 Kxg7 15. Rfd1 Qb6 16. a3 Qc5 17. Nd5 Bxd5 18. Qc3+ Kg8 19. b4 Qc7 20. exd5 b6 21. Qd4 Rfc8 22. Bg4 f5 23. Be2 Ne5 24. Qh4 Ra7 25. Rac1 axb4 26. axb4 Ra4 27. f4 Nf7 28. Rb1 Rca8 29. Kh1 R8a7 30. Bf1 Qd8 31. Re1 Qf8 32. Qf2 Qd8 33. Re6 Ra1 34. Rbe1 Rxe1 35. Qxe1 Qd7 36. Kh2 Kf8 37. Qh4 Kg8 38. Qf2 Rb7 39. Qa2 Ra7 40. Qf2 Rb7 1/2-1/2

[Event "FISCA Open 2022"]
[Site "Cap Aurora"]
[Date "2022.06.26"]
[Round "6.5"]
[White "Petre, Nad-Titus"]
[Black "Iordache, Alexia-Andreea"]
[Result "1-0"]
[ECO "A65"]
[WhiteElo "2297"]
[BlackElo "1658"]
[Annotator "TA"]
[PlyCount "119"]
[EventDate "2022.06.22"]
[EventType "swiss"]
[EventCountry "ROU"]
[SourceTitle "playchess.com"]
[Source "ChessBase"]
[SourceQuality "1"]
[TimeControl "5400+30"]

1. d4 Nf6 2. c4 c5 3. d5 e6 4. Nc3 exd5 5. cxd5 d6 6. e4 g6 7. Nge2 Bg7 8. Ng3 O-O 9. Be2 a6 10. a4 Re8 {[%emt 0:02:17] A65: Modern Benoni: 6 e4.} 11. O-O Nbd7 12. f3 Rb8 {[%emt 0:06:32] White is slightly better.} 13. Be3 Ne5 {[%emt 0:07:28] has lost popularity (13...h5).} 14. h3 h5 {[%emt 0:13:49] [#]} 15. Bg5 $146 {[%emt 0:07:05] Threatening f4.} ({Predecessor:} 15. Nh1 Qb6 16. Qc2 Qb4 17. Nf2 Nc4 18. Bc1 Na5 19. Bf4 c4 20. Be3 Nd7 21. f4 {0-1 (58) Omelja,A (2515)-Jaracz,P (2463) Chess.com INT 2022}) 15... Qb6 16. Qd2 c4+ (16... Qb4 $11) 17. Be3 $16 Qc7 18. a5 Ned7 ({Black should try} 18... b6) 19. Na4 $1 h4 20. Nh1 Nh7 (20... b6 $16 {was called for.}) 21. Rac1 (21. Rfc1 $18 {has better winning chances.}) 21... c3 22. Nxc3 (22. Rxc3 $142 Bxc3 23. Nxc3 (23. Qxc3 Qxc3 24. bxc3 f5 $14)) 22... Qxa5 23. Nf2 Nc5 24. Ra1 Qc7 (24... Qb4 $142) 25. Ra3 b5 26. b4 Nd7 27. Rc1 Qd8 28. Ba7 (28. Bd3 $16) 28... Ra8 $1 $14 29. Bd4 Bb7 30. Bxg7 Kxg7 31. Ncd1 Nhf6 32. Ne3 Nh5 33. Nc2 ({Better is} 33. Rac3 $16) 33... Ng3 34. Nd4 Ne5 (34... Rc8 $14) 35. Ng4 ({White should play} 35. f4 $1 $16 Nxe2+ 36. Nxe2 (36. Qxe2 Nc4 $14)) 35... Nxg4 36. hxg4 Qb6 37. Kh2 Rh8 (37... Rac8 $14 38. Rxc8 Bxc8) 38. Qe3 Qd8 39. g5 $40 {[%emt 0:02:54][%mdl 128] White has some attack. White is more active.} (39. f4 $1 $16) 39... Qe7 (39... Re8 $1 $11 {keeps the balance.}) 40. Qf4 (40. Qc3 $16 {Nf5+ would kill now.} Kg8 41. Qe3) 40... Rac8 $15 41. Rac3 {[%emt 0:00:53] [#]} (41. Rxc8 $17 {is a better defense.} Rxc8 42. Ra2 (42. Qxh4 $2 Rh8 $19)) 41... Rxc3 (41... Nh5 $1 $19 42. Qe3 Qe5+ 43. f4 Nxf4) 42. Rxc3 Bc8 $2 {[%emt 0:00:28][%mdl 8192] [#] Loses the game.} (42... Nh5 $15 {keeps the upper hand.} 43. Qe3 Qe5+ 44. f4 Nxf4) 43. Nc6 $1 $18 Nxe2 44. Qe3 {[%emt 0:00:31] Really sharp!} ({Less strong is} 44. Nxe7 Nxf4 45. Nxc8 h3 46. gxh3 (46. Nxd6 $2 hxg2+ 47. Kg3 g1=Q+ $19) 46... Rxh3+ 47. Kg1 Ne2+ 48. Kg2 Nxc3 $14) 44... Qd7 45. Qxe2 h3 {[%emt 0:00:09] Strongly threatening ...hxg2+.} 46. g3 Qe8 (46... Bb7 $142 47. Qb2 Kh7) 47. Qe3 {[%emt 0:00:54] And now Qd4+ would win.} Bd7 48. Qd4+ Kg8 49. Qf6 Kh7 50. Qxd6 {[%emt 0:00:56] aiming for Ne5.} Bf5 51. Ne7 {[%emt 0:01:10] White mates.} Bd7 52. Rc7 Bg4 53. fxg4 Qf8 54. Qf6 a5 55. Nxg6 Qg7 56. Rxf7 Rg8 57. Nf8+ Kh8 58. Rxg7 Rxg7 59. Ne6 a4 60. Qxg7# {[%emt 0:00:06] Weighted Error Value: White=0.28 (precise) /Black=0.54} 1-0

[Event "FISCA Open 2022"]
[Site "Cap Aurora"]
[Date "2022.06.26"]
[Round "6.6"]
[White "Girmacea, Bogdan"]
[Black "Rata, Anamaria"]
[Result "1-0"]
[ECO "D43"]
[WhiteElo "2133"]
[BlackElo "1656"]
[Annotator "NA RC"]
[PlyCount "63"]
[EventDate "2022.06.22"]
[EventType "swiss"]
[EventCountry "ROU"]
[SourceTitle "playchess.com"]
[Source "ChessBase"]
[SourceQuality "1"]
[TimeControl "5400+30"]

1. d4 d5 2. Nf3 Nf6 3. c4 c6 4. Qb3 e6 5. Bg5 Nbd7 6. e3 Be7 7. Nc3 b6 8. cxd5 cxd5 9. Rc1 a6 10. Bd3 Bb7 11. O-O O-O 12. Rc2 Rc8 13. Rfc1 b5 14. Bxf6 Nxf6 15. Na4 Rxc2 16. Rxc2 Qa5 17. Nc5 Ba8 18. Qc3 Qb6 19. Nb3 Bd6 20. Qa5 Qxa5 21. Nxa5 Ne4 22. Kf1 Rb8 23. g3 Kf8 24. Ke2 Bb7 25. Nxb7 Rxb7 26. Bxe4 dxe4 27. Ng5 h6 28. Nxe4 Bb4 29. a3 Ba5 30. Rc6 Rb6 31. Rc8+ Ke7 32. b4 1-0

[Event "FISCA Open 2022"]
[Site "Cap Aurora"]
[Date "2022.06.26"]
[Round "6.8"]
[White "Stegaroiu, Marcel-Florian"]
[Black "Ribarov, Valerij"]
[Result "1-0"]
[ECO "E65"]
[WhiteElo "1917"]
[BlackElo "1918"]
[Annotator "NA RC"]
[PlyCount "66"]
[EventDate "2022.06.22"]
[EventType "swiss"]
[EventCountry "ROU"]
[SourceTitle "playchess.com"]
[Source "ChessBase"]
[SourceQuality "1"]
[TimeControl "5400+30"]

1. d4 Nf6 2. Nf3 g6 3. g3 Bg7 4. Bg2 O-O 5. O-O d6 6. c4 c5 7. Nc3 Nbd7 8. e4 cxd4 9. Nxd4 a6 10. h3 Rb8 11. Be3 Nc5 12. Rc1 Bd7 13. b4 Ne6 14. Nd5 Nxd5 15. exd5 Nxd4 16. Bxd4 a5 17. Bxg7 Kxg7 18. Qd4+ Kg8 19. a3 axb4 20. axb4 b6 21. f4 Qc7 22. Rfe1 e6 23. h4 Rfe8 24. h5 gxh5 25. Qf6 Qd8 26. Qh6 Kh8 27. f5 Rg8 28. fxe6 fxe6 29. dxe6 Rg6 30. Qf4 Bxe6 31. Re3 Rg4 32. Qh6 Bxc4 33. Rxc4 Rxc4 1-0

[Event "FISCA Open 2022"]
[Site "Cap Aurora"]
[Date "2022.06.26"]
[Round "6.9"]
[White "Spiridon, Mihai-Zoltan"]
[Black "Nicolae, Marian-Valentin"]
[Result "1/2-1/2"]
[ECO "D03"]
[WhiteElo "1678"]
[BlackElo "1886"]
[Annotator "NA RC"]
[PlyCount "49"]
[EventDate "2022.06.22"]
[EventType "swiss"]
[EventCountry "ROU"]
[SourceTitle "playchess.com"]
[Source "ChessBase"]
[SourceQuality "1"]
[TimeControl "5400+30"]

1. d4 e6 2. Nf3 d5 3. Bg5 Nf6 4. e3 Nbd7 5. Bd3 Bd6 6. Nc3 c6 7. e4 e5 8. O-O Qa5 9. Bxf6 gxf6 10. exd5 cxd5 11. dxe5 Nxe5 12. Bb5+ Bd7 13. Bxd7+ Nxd7 14. Qxd5 Qxd5 15. Nxd5 O-O-O 16. Rfe1 Ne5 17. Nxe5 Bxe5 18. c4 Bxb2 19. Rad1 Rhe8 20. Kf1 Rxe1+ 21. Kxe1 Re8+ 22. Kd2 Bd4 23. f3 f5 24. Kd3 Bc5 25. Rd2 1/2-1/2

[Event "FISCA Open 2022"]
[Site "Cap Aurora"]
[Date "2022.06.26"]
[Round "6.10"]
[White "Negrean, Andrei"]
[Black "Schiopu, Oana-Magdalena"]
[Result "1-0"]
[ECO "E02"]
[WhiteElo "1846"]
[BlackElo "1683"]
[Annotator "NA RC"]
[PlyCount "47"]
[EventDate "2022.06.22"]
[EventType "swiss"]
[EventCountry "ROU"]
[SourceTitle "playchess.com"]
[Source "ChessBase"]
[SourceQuality "1"]
[TimeControl "5400+30"]

1. d4 Nf6 2. Nf3 d5 3. c4 e6 4. g3 dxc4 5. Qa4+ Bd7 6. Qxc4 Nc6 7. Bg2 Bd6 8. O-O O-O 9. Nc3 Re8 10. e4 e5 11. d5 Ne7 12. Bg5 Ng6 13. Nb5 h6 14. Nxd6 cxd6 15. Bxf6 Qxf6 16. Qc7 Bb5 17. Rfc1 b6 18. Nd2 Rec8 19. Qxc8+ Rxc8 20. Rxc8+ Kh7 21. h4 Qe7 22. Rac1 Qd7 23. Kh2 Qg4 24. Bf3 1-0

[Event "FISCA Open 2022"]
[Site "Cap Aurora"]
[Date "2022.06.26"]
[Round "6.11"]
[White "Bujorean, Dorel"]
[Black "Dobra, Costica"]
[Result "1/2-1/2"]
[ECO "E80"]
[WhiteElo "1608"]
[BlackElo "1837"]
[Annotator "NA RC"]
[PlyCount "108"]
[EventDate "2022.06.22"]
[EventType "swiss"]
[EventCountry "ROU"]
[SourceTitle "playchess.com"]
[Source "ChessBase"]
[SourceQuality "1"]
[TimeControl "5400+30"]

1. d4 Nf6 2. c4 g6 3. Nc3 Bg7 4. e4 d6 5. f3 c5 6. d5 Na6 7. Bg5 Nc7 8. Bd3 Bd7 9. Nge2 a6 10. a4 b6 11. O-O Rb8 12. Rb1 b5 13. b3 O-O 14. Qc2 bxc4 15. Bxc4 Rb4 16. Na2 Rb7 17. Qd3 a5 18. Bd2 Ra7 19. Rbd1 Bc8 20. Bc3 Na6 21. h3 Nd7 22. f4 Bxc3 23. Nexc3 Nb4 24. Qe2 Nb6 25. Nb5 Nxa2 26. Qxa2 Ra8 27. e5 Ba6 28. Qe2 Bxb5 29. Bxb5 Qc7 30. Bc6 Ra7 31. Qe4 Nd7 32. exd6 exd6 33. Rfe1 Nf6 34. Qd3 Nh5 35. g3 Qd8 36. Qe3 Qf6 37. Kh2 Rb8 38. Bb5 Ng7 39. g4 Kf8 40. Qd2 h5 41. Kg3 h4+ 42. Kg2 Ne8 43. Re4 Nc7 44. Bc4 Re8 45. Rde1 Rxe4 46. Rxe4 Ra8 47. Re2 Qa1 48. Qb2 Qxb2 49. Rxb2 Re8 50. Kf3 f6 51. Rd2 Re1 52. Kf2 Re4 53. Kf3 Re1 54. Kf2 Re4 1/2-1/2

[Event "FISCA Open 2022"]
[Site "Cap Aurora"]
[Date "2022.06.26"]
[Round "6.12"]
[White "Nacu, Mihai"]
[Black "Sprincean, Lukas George"]
[Result "1-0"]
[ECO "A29"]
[WhiteElo "1641"]
[BlackElo "1664"]
[Annotator "NA RC"]
[PlyCount "75"]
[EventDate "2022.06.22"]
[EventType "swiss"]
[EventCountry "ROU"]
[SourceTitle "playchess.com"]
[Source "ChessBase"]
[SourceQuality "1"]
[TimeControl "5400+30"]

1. c4 e5 2. Nc3 Nf6 3. Nf3 Nc6 4. g3 Bb4 5. Bg2 O-O 6. O-O d6 7. d3 Bxc3 8. bxc3 Ne8 9. e4 Bd7 10. Rb1 Qc8 11. Nh4 Bg4 12. f3 Be6 13. f4 Bg4 14. Qc2 exf4 15. Bxf4 Ne5 16. Nf3 Ng6 17. Be3 Nf6 18. Nd4 c6 19. Bg5 Nd7 20. h3 Be6 21. Nxe6 fxe6 22. d4 c5 23. Rxf8+ Ndxf8 24. e5 d5 25. cxd5 cxd4 26. c4 Nxe5 27. dxe6 Qc5 28. Bxb7 Rb8 29. e7 Rxb7 30. exf8=Q+ Qxf8 31. Rxb7 Nf3+ 32. Kh1 Nxg5 33. Qg2 h6 34. Rxa7 Kh7 35. h4 Nf3 36. Qc2+ Kh8 37. Qe4 Nd2 38. Qa8 1-0

[Event "FISCA Open 2022"]
[Site "Cap Aurora"]
[Date "2022.06.26"]
[Round "6.13"]
[White "Angheluta, Ovidiu"]
[Black "Togan, Teodor-Bogdan"]
[Result "1/2-1/2"]
[ECO "C30"]
[WhiteElo "1807"]
[BlackElo "1507"]
[Annotator "NA RC"]
[PlyCount "86"]
[EventDate "2022.06.22"]
[EventType "swiss"]
[EventCountry "ROU"]
[SourceTitle "playchess.com"]
[Source "ChessBase"]
[SourceQuality "1"]
[TimeControl "5400+30"]

1. e4 e5 2. f4 Bc5 3. Nf3 d6 4. c3 Nf6 5. d4 exd4 6. cxd4 Bb4+ 7. Bd2 Bxd2+ 8. Nbxd2 O-O 9. e5 Nd5 10. Ne4 Nxf4 11. Qd2 Ng6 12. h4 h6 13. Nf6+ Kh8 14. h5 Ne7 15. g4 Nd7 16. O-O-O Ng8 17. Nxg8 Kxg8 18. g5 hxg5 19. Nxg5 dxe5 20. dxe5 Qe7 21. e6 fxe6 22. h6 g6 23. h7+ Kh8 24. Bd3 Ne5 25. Bc2 Bd7 26. Qe3 Qg7 27. Rhe1 Ng4 28. Qg3 e5 29. Re4 Nf2 30. Rxd7 Qxd7 31. Qxe5+ Qg7 32. Qxg7+ Kxg7 33. Re7+ Kh6 34. h8=Q+ Rxh8 35. Nf7+ Kh5 36. Nxh8 Rxh8 37. Re2 Rf8 38. Re7 Rc8 39. Rh7+ Kg5 40. Rg7 Kf6 41. Rxg6+ Ke7 42. Rg2 Rf8 43. Kd2 Nh3 1/2-1/2

[Event "FISCA Open 2022"]
[Site "Cap Aurora"]
[Date "2022.06.27"]
[Round "7.1"]
[White "Petre, Nad-Titus"]
[Black "Coca, Cristi-Iulian"]
[Result "1-0"]
[ECO "B42"]
[WhiteElo "2297"]
[BlackElo "2174"]
[Annotator "TA"]
[PlyCount "63"]
[EventDate "2022.06.22"]
[EventType "swiss"]
[EventCountry "ROU"]
[SourceTitle "playchess.com"]
[Source "ChessBase"]
[SourceQuality "1"]
[TimeControl "5400+30"]

1. e4 c5 2. Nf3 e6 3. d4 cxd4 4. Nxd4 a6 5. Bd3 Bc5 6. Nb3 Ba7 7. O-O Ne7 8. c4 {[%emt 0:08:58] B42: Sicilian: Kan Variation: 5 Bd3.} Nbc6 9. Nc3 O-O 10. Qe2 {[%emt 0:05:38] White is slightly better.} Nd4 11. Nxd4 Bxd4 12. Be3 {[%emt 0:01:22] [#]} (12. Bg5 {feels hotter.} d6 13. Rfd1 Qc7 14. Rac1) 12... Bxe3 $146 ({Predecessor:} 12... Nc6 13. Bxd4 Nxd4 14. Qe3 e5 15. f4 d6 16. f5 f6 17. Ne2 Nxe2+ 18. Bxe2 Qc7 {1-0 (46) Lebled,P (2388)-Moes Joaquim,C (1965) ICCF email 2018}) 13. Qxe3 ({Reject} 13. fxe3 Nc6 $11) 13... e5 14. Rfd1 d6 15. Rd2 Be6 16. Bf1 Qc7 17. b3 Rad8 18. Rad1 Rd7 19. g3 Nc6 20. f4 {[%emt 0:05:38] [#] Hoping for f5.} f5 (20... f6 $14) 21. exf5 Bxf5 22. Bg2 Nd4 (22... Qd8 $142) 23. Nd5 Qc5 (23... Qb8 $142) 24. Kh1 ({Don't play} 24. fxe5 dxe5 25. b4 Qd6 $16) 24... Bg4 25. Re1 {[%emt 0:03:15] h3 is the strong threat.} Rdf7 $2 {[%emt 0:02:01] Loses the game.} (25... Qa5 $16 {was called for.} 26. b4 (26. fxe5 dxe5 27. b4 Qd8 $14) 26... Qd8) 26. h3 $18 Bc8 27. fxe5 dxe5 28. Qxe5 {[%emt 0:00:32] [#] Threatens to win with Nf6+.} Ne6 29. Qe3 Qa5 $2 (29... Qxe3 30. Rxe3 b5) 30. b4 {[%emt 0:01:15] White is clearly winning.} Qa4 31. a3 Qe8 32. Nb6 {[%emt 0:01:50] Weighted Error Value: White=0.13 (very precise) /Black=0.31} 1-0

[Event "FISCA Open 2022"]
[Site "Cap Aurora"]
[Date "2022.06.27"]
[Round "7.2"]
[White "Ardeleanu, Alin"]
[Black "Prisacaru, Stefan-Emilian"]
[Result "1/2-1/2"]
[ECO "B17"]
[WhiteElo "2290"]
[BlackElo "1937"]
[Annotator "TA"]
[PlyCount "52"]
[EventDate "2022.06.22"]
[EventType "swiss"]
[EventCountry "ROU"]
[SourceTitle "playchess.com"]
[Source "ChessBase"]
[SourceQuality "1"]
[TimeControl "5400+30"]

1. e4 c6 2. Nc3 d5 3. Nf3 Bg4 4. d4 e6 5. Bd3 Nf6 6. O-O dxe4 7. Nxe4 Nxe4 8. Bxe4 Nd7 9. h3 Bh5 10. Bd3 Nf6 11. Be2 Bxf3 12. Bxf3 Qc7 {[%emt 0:00:30] B17: Caro-Kann: Modern Line (4...Nd7).} 13. c3 Be7 {[%emt 0:00:30] [#]} 14. g3 $146 ({Predecessor:} 14. b3 O-O 15. Bb2 Rfd8 16. Qc2 a5 17. c4 a4 18. Bc3 Ne8 19. b4 Bf6 20. Rfd1 Nd6 21. Rd2 b5 22. c5 {1-0 (39) Munkhzul,T (2386)-Wu,X (2189) Changsha 2019}) 14... O-O {[%emt 0:23:08] White has an edge.} 15. Bf4 Bd6 16. Bxd6 Qxd6 17. Re1 Rfe8 18. Qb3 Qc7 19. Re5 Rad8 20. Rae1 Re7 21. Qa4 a6 22. Bg2 Qb6 23. Qa3 Ree8 24. b4 Nd5 25. Qb3 g6 26. a3 Nf6 {[%emt 0:00:30] Weighted Error Value: White=0.05 (flawless) /Black=0.06 (flawless)} 1/2-1/2